 Dungeon Crawl Stone Soup version 0.30.0-29-ga12c61a403 (webtiles) character file.

Game seed: 16021112967164139308

546 monsoonserge the Ducker (level 7, -4/53 HPs)
             Began as a Merfolk Monk on June 15, 2023.
             Was an Elder of Vehumet.
             Slain by an ice beast (13 damage)
             ... on level 4 of the Dungeon.
             The game lasted 00:16:07 (4036 turns).

monsoonserge the Ducker (Merfolk Monk)              Turns: 4036, Time: 00:16:07

Health: -4/53      AC:  9    Str: 14    XL:     7   Next: 28%
Magic:  10/10      EV: 13    Int: 11    God:    Vehumet [****..]
Gold:   190        SH:  4    Dex: 17    Spells: 4/10 levels left

rFire   . . .        t - +2 short sword (venom)
rCold   . . .        q - +0 buckler
rNeg    . . .        s - +3 leather armour of the Insatiable Deaths {Str+3}
rPois   .            A - +0 helmet
rElec   .            b - scarf {shadows}
rCorr   .            (no gloves)
SInv    .            e - +1 pair of boots
Will    .....        (no amulet)
Stlth   +            (no ring)
HPRegen 0.28/turn    (no ring)
MPRegen 0.12/turn

%: no passive effects
@: no status effects
A: (nimble swimmer 2), mertail
a: Renounce Religion


You were on level 4 of the Dungeon.
You worshipped Vehumet.
Vehumet was greatly pleased with you.
You visited 1 branch of the dungeon, and saw 4 of its levels.

You collected 190 gold pieces.

Inventory:

Hand Weapons
 a - a +0 falchion
 f - a +5 whip
 k - a +1 war axe of venom
 t - a +2 short sword of venom (weapon)
Missiles
 u - 3 poisoned darts (quivered)
 C - 2 javelins
Armour
 b - a scarf of shadows (worn)
 d - an orb of light
 e - a +1 pair of boots (worn)
 q - a +0 buckler (worn)
 s - the +3 leather armour of the Insatiable Deaths (worn) {Str+3}
   (You found it on level 3 of the Dungeon)

   Str:       It affects your strength (+3).
 A - a +0 helmet (worn)
 B - a +2 robe of positive energy
Scrolls
 h - 2 scrolls of fog
 i - 2 scrolls of magic mapping
 o - 2 scrolls of teleportation {unknown}
 p - 2 scrolls of identify
 v - a scroll of poison {unknown}
 x - a scroll of fear {unknown}
 y - a scroll of noise {unknown}
 E - a scroll of enchant armour {unknown}
 F - a scroll of blinking {unknown}
Potions
 c - a potion of ambrosia
 g - a potion of degeneration {unknown}
 j - 2 potions of flight {unknown}
 l - 2 potions of mutation {unknown}
 m - 2 potions of curing {unknown}
 n - a potion of haste {unknown}
 r - 2 potions of heal wounds
 w - a potion of might {unknown}
 z - a potion of resistance {unknown}
 D - a potion of berserk rage {unknown}


   Skills:
 + Level 3.7 Fighting
 + Level 2.7(4.0) Short Blades
 + Level 4.4(4.8) Long Blades
 * Level 1.9 Armour
 + Level 4.8 Dodging
 + Level 0.5 Stealth
 * Level 1.8 Shields
 - Level 2.0 Spellcasting
 * Level 2.1 Conjurations
 * Level 1.4 Air Magic
 * Level 1.9 Poison Magic


You had 4 spell levels left.
You knew the following spells:

 Your Spells              Type           Power      Damage    Failure   Level
a - Magic Dart            Conj           20%        1d4       6%          1
b - Mephitic Cloud        Conj/Pois/Air  5%         N/A       17%         3
c - Poisonous Vapours     Pois/Air       8%         N/A       11%         2

Your spell library contained the following spells:

 Spells                   Type           Power      Damage    Failure   Level
 Fireball                 Conj/Fire      1%         3d3       89%         5
 Call Imp                 Summ           2%         N/A       58%         2
 Animate Dead             Necr           1%         N/A       99%         4
 Freezing Cloud           Conj/Ice/Air   1%         6-21      88%         5
 Alistair's Intoxication  Tmut/Pois      2%         N/A       100%        5
 Borgnjor's Vile Clutch   Necr/Erth      0%         N/A       100%        5
 Death Channel            Necr           0%         N/A       100%        6
 Eringya's Noxious Bog    Tmut/Pois      1%         N/A       100%        6


Dungeon Overview and Level Annotations

Branches:
Dungeon (4/15)
 Temple: D:4-7

Altars:
Makhleb
Vehumet

Shops:
D:1 :

Annotations:
D:4 Menkaure


Innate Abilities, Weirdness & Mutations

((You are very nimble when in or above water. (Stealth+, EV+, Speed+++)))
Your lower body shifts to a powerful aquatic tail in water.


Message History

There is a stone staircase leading down here.
You climb downwards.
Level annotation: Menkaure
There is a stone staircase leading up here.
Found a war axe.
Found a stone staircase leading down.
Found a scroll labelled WEHEPHUQOR.
E - a scroll labelled WEHEPHUQOR
There are no items here.
You see here a +0 dagger.
There is an open door here.
You see here a +0 spear.
Items here: " ) [ รท.
Okay, then.
Menkaure shouts!
Things that are here:
a scroll labelled GAOGOAT GORIF; a +0 dagger; an orc skeleton
F - a scroll labelled GAOGOAT GORIF Menkaure calls on the powers of darkness!
Your body is wracked with pain!
The ice beast convulses!
Found 14 gold pieces.
You see here 14 gold pieces.
You now have 190 gold pieces (gained 14).
Menkaure gestures wildly while chanting.
Menkaure seems to speed up.
The ice beast hits you. The ice beast freezes you!
The ice beast attacks as you move away! The ice beast closely misses you.
You hit the ice beast but do no damage.
The ice beast is poisoned.
The ice beast is moderately wounded.
As you read the scroll labelled VEEFIU FOUKUYR, it crumbles to dust.
You feel aware of your surroundings.
It was a scroll of magic mapping.
The ice beast hits you. The ice beast freezes you!
* * * LOW HITPOINT WARNING * * *
As you read the scroll labelled DICZOI UTIGI, it crumbles to dust.
It is a scroll of identify.
h - 2 scrolls of fog The ice beast hits you.
* * * LOW HITPOINT WARNING * * *
The ice beast freezes you!
You die...

*,,,,,* #.....
*,,,,,* #.....
#.....# #.....
#.....# #######.....
#.....# #.....)..##.
#.....# #....")..'..
#.....####........###
#.............)......
#...@...............#
#..MY...............#
##.#.#..............#
#.#.#.......####...#
#.#.#.......###..##.
#M#.#........#...#.#
#.#.#..........##.##
#...#..........#.#..
#####........##.##..


You could see an ice beast (very poisoned) and Menkaure (fast).

Vanquished Creatures
  A water moccasin (D:3)
  A howler monkey (D:4)
  An orc priest (D:3)
  2 hounds (D:4)
  2 iguanas (D:4)
  An orc wizard (D:4)
  Robin (D:4)
  3 gnolls
  8 adders
  A worm (D:3)
  A dart slug (D:2)
  9 orcs
  8 ball pythons
  5 endoplasms
  5 giant cockroaches
  12 hobgoblins
  6 jackals (D:1)
  4 quokkas
  7 bats
  2 frilled lizards
  18 goblins
  8 kobolds
  9 rats
115 creatures vanquished.

Notes
Turn   | Place    | Note
-------+----------+-------------------------------------------
     0 | D:1      | monsoonserge the Merfolk Monk began the quest for the Orb.
     0 | D:1      | Reached XP level 1. HP: 18/18 MP: 1/1
   226 | D:1      | Found a faded altar of an unknown god.
   235 | D:1      | Prayed at the altar of an unknown god.
   235 | D:1      | Became a worshipper of Vehumet
   235 | D:1      | Reached * piety under Vehumet
   235 | D:1      | Offered knowledge of Foxfire by Vehumet.
   235 | D:1      | Reached ** piety under Vehumet
   362 | D:1      | Reached XP level 2. HP: 20/24 MP: 2/2
   406 | D:1      | Offered knowledge of Magic Dart by Vehumet.
   409 | D:1      | Learned a level 1 spell: Magic Dart
   431 | D:1      | Offered knowledge of Mephitic Cloud by Vehumet.
   434 | D:1      | Found Tekub's Book Emporium.
   487 | D:1      | Reached *** piety under Vehumet
   912 | D:1      | Reached XP level 3. HP: 28/29 MP: 3/3
  1309 | D:1      | Reached skill level 1 in Spellcasting
  1391 | D:1      | Learned a level 3 spell: Mephitic Cloud
  1524 | D:2      | Reached XP level 4. HP: 36/36 MP: 5/5
  1654 | D:2      | Reached skill level 1 in Armour
  2050 | D:2      | Offered knowledge of Ignite Poison by Vehumet.
  2378 | D:3      | Identified the +3 leather armour of the Insatiable Deaths
                  | {Str+3}
  2577 | D:3      | Noticed a water moccasin
  2583 | D:3      | Found a burning altar of Makhleb.
  2746 | D:3      | Reached skill level 1 in Poison Magic
  2756 | D:3      | Reached skill level 1 in Conjurations
  2756 | D:3      | Reached XP level 5. HP: 40/41 MP: 6/6
  3000 | D:4      | Reached **** piety under Vehumet
  3001 | D:4      | Reached skill level 1 in Air Magic
  3278 | D:4      | Reached skill level 1 in Shields
  3299 | D:4      | Offered knowledge of Fireball by Vehumet.
  3302 | D:4      | Reached XP level 6. HP: 17/48 MP: 6/8
  3307 | D:4      | Reached skill level 1 in Short Blades
  3361 | D:4      | Learned a level 2 spell: Poisonous Vapours
  3410 | D:4      | Noticed Robin
  3434 | D:4      | Killed Robin
  3581 | D:4      | Reached XP level 7. HP: 43/53 MP: 10/10
  3681 | D:4      | Noticed Menkaure
  4036 | D:4      | Slain by an ice beast

Illustrated notes

Levels and vault maps discovered:
D:1:      saegor_arrival_simple_b, layout_basic, serial_shops,
          nicolae_book_shop_shelving, basic_ecumenical_altar, dk_noncrumbling_4
D:2:      kennysheep_the_goblin_king, layout_basic,
          nicolae_kite_square_tiling_tiny
D:3:      layout_basic, lemuel_tele_altar
D:4:      layout_basic, minmay_vboxes, uniq_menkaure, uniq_robin

Skill      XL: |  1  2  3  4  5  6  7 |
---------------+----------------------+-----
Long Blades    | 4 |  4.4
Spellcasting   | 1 2 |  2.0
Armour         | 1 |  1.9
Poison Magic   | 1 |  1.9
Conjurations   | 1 2 |  2.1
Air Magic      | 1 |  1.4
Shields        | 1 |  1.8
Short Blades   | 2 |  2.7
Fighting       | |  3.7
Dodging        | |  4.8
Stealth        | |  0.5

Action                     |  1- 3 |  4- 6 |  7- 9 || total
---------------------------+-------+-------+-------++-------
  Melee: Falchion          |    97 |    30 |       ||   127
         Short sword       |       |   135 |    31 ||   166
  Throw: Dart              |       |     2 |       ||     2
   Cast: Magic Dart        |    13 |    52 |     1 ||    66
         Poisonous Vapours |       |     3 |       ||     3
         Mephitic Cloud    |       |       |     1 ||     1
    Use: Potion            |       |     1 |       ||     1
         Scroll            |       |       |     2 ||     2
 Armour: Robe              |     2 |       |       ||     2
         Leather armour    |    29 |    56 |     7 ||    92
  Dodge: Dodged            |    86 |    97 |    17 ||   200
  Block: Buckler           |       |    24 |     8 ||    32
